 Dungeon Crawl Stone Soup version 0.29-a0-919-gd064cfad1c (webtiles) character file.

Game seed: 13027385900382262035

353 IdlyInterested the Twirler (level 6, 0/46 HPs)
             Began as a Demonspawn Wanderer on July 26, 2022.
             Slain by an orc warrior
             ... wielding a +0 flail
              (3 damage)
             ... on level 4 of the Dungeon.
             The game lasted 00:13:08 (3076 turns).

IdlyInterested the Twirler (Demonspawn Wanderer)    Turns: 3076, Time: 00:13:08

Health: 0/46       AC:  8    Str: 11    XL:     6   Next: 35%
Magic:  1/9        EV: 11    Int: 18    God:
Gold:   217        SH:  0    Dex: 13    Spells: 8/9 levels left

rFire   . . .      SeeInvis .   a - +2 quarterstaff
rCold   . . .      Faith    .   (shield currently unavailable)
rNeg    . . .      Spirit   .   g - +2 leather armour {rPois}
rPois   +          Reflect  .   b - +0 helmet
rElec   .          Harm     .   (no cloak)
rCorr   .          Rampage  .   (no gloves)
Will    .....                   l - +1 pair of boots
Stlth   ++........              q - amulet of regeneration
HPRegen 0.95/turn               (no ring)
MPRegen 0.11/turn               (no ring)

@: very slightly contaminated
A: powered by death 1, sturdy frame 1, demonic touch 1, clever 1, mutation
resistance 1
a: no special abilities


You were on level 4 of the Dungeon.
You visited 1 branch of the dungeon, and saw 4 of its levels.

You collected 217 gold pieces.

Inventory:

Hand Weapons
 a - a +2 quarterstaff (weapon)
 e - a +2 dagger of speed
 f - a +1 dagger of draining
Armour
 b - a +0 helmet (worn)
 g - a +2 leather armour of poison resistance (worn)
 l - a +1 pair of boots (worn)
Jewellery
 h - an amulet of faith
 k - an amulet of the acrobat
 q - an amulet of regeneration (around neck)
Wands
 d - a wand of mindburst (9)
Scrolls
 j - 2 scrolls of identify
 m - a scroll of fear
 n - a scroll of butterflies
 o - a scroll of teleportation {unknown}
Potions
 c - a potion of brilliance
 i - a potion of mutation


   Skills:
 + Level 2.9 Fighting
 * Level 5.4 Staves
 - Level 1.0 Throwing
 - Level 1.0 Armour
 - Level 1.0 Dodging
 - Level 1.0 Stealth
 - Level 2.0 Spellcasting
 - Level 2.0 Transmutations
 + Level 0.0 Poison Magic
 - Level 1.0 Evocations


You had 8 spell levels left.
You knew the following spells:

 Your Spells              Type           Power      Damage    Failure   Level
a - Sting                 Tmut/Pois      20%        1d4       13%         1

Your spell library contained the following spells:

 Spells                   Type           Power      Damage    Failure   Level
 Spider Form              Tmut/Pois      5%         N/A       36%         3


Dungeon Overview and Level Annotations

Branches:
Dungeon (4/15)
 Temple: D:4-7

Altars:


Innate Abilities, Weirdness & Mutations

You regenerate a little health from kills.
Your movements are slightly less encumbered by armour. (ER -2)
Your touch may inflict minor irresistible damage on your foes.
Your mind is acute. (Int +4, Str/Dex -1)
You are somewhat resistant to further mutation.


Message History

The orc warrior hits you with a +0 flail.
The orc barely misses you.
Aiming: Sting (safe; 13% risk of failure)
Press: ? - help, Q - select action, (/) - cycle Shift-Dir - straight line, f/p - orc warrior
Aim: an orc warrior, wielding a +0 flail and wearing a +0 plate armour (lightly wounded, poisoned, 68% to hit)
You miscast Sting.
You are very lightly contaminated with residual magic.
Nothing appears to happen.
The orc warrior barely misses you. The orc hits you but does no damage.
Aiming: Sting (safe; 13% risk of failure)
Press: ? - help, Q - select action, (/) - cycle Shift-Dir - straight line, f/p - orc warrior
Aim: an orc warrior, wielding a +0 flail and wearing a +0 plate armour (lightly wounded, poisoned, 68% to hit)
The sting misses the orc warrior.
The sting misses the orc priest.
The orc warrior hits you with a +0 flail.
The orc hits you with a +0 mace.
Aiming: Sting (safe; 13% risk of failure)
Press: ? - help, Q - select action, (/) - cycle Shift-Dir - straight line, f/p - orc warrior
Aim: an orc warrior, wielding a +0 flail and wearing a +0 plate armour (moderately wounded, poisoned, 68% to hit)
The sting hits the orc warrior.
The orc warrior looks even sicker.
The orc warrior is moderately wounded.
The orc hits you with a +0 mace. The orc warrior closely misses you.
The orc priest calls upon Beogh to heal the orc warrior.
The orc warrior is healed somewhat.
Aiming: Sting (safe; 13% risk of failure)
Press: ? - help, Q - select action, (/) - cycle Shift-Dir - straight line, f/p - orc warrior
Aim: an orc warrior, wielding a +0 flail and wearing a +0 plate armour (lightly wounded, very poisoned, 68% to hit)
The sting hits the orc warrior.
The orc warrior looks even sicker.
The orc warrior is moderately wounded.
The orc warrior hits you with a +0 flail!
* * * LOW HITPOINT WARNING * * *
The orc hits you with a +0 mace.
* * * LOW HITPOINT WARNING * * *
Aiming: Sting (safe; 13% risk of failure)
Press: ? - help, Q - select action, (/) - cycle Shift-Dir - straight line, f/p - orc warrior
Aim: an orc warrior, wielding a +0 flail and wearing a +0 plate armour (heavily wounded, very poisoned, 68% to hit)
The sting hits the orc warrior.
The orc warrior looks as sick as possible!
The orc warrior is heavily wounded.
The orc warrior hits you with a +0 flail.
You die...

## #.. #.# ######
#.# .....# #.#
.....# #.# .....#
.#.####.###.....#
........@oo....?#
..####o###.....#
..$.......o.....#
........###.oo..#
........# .....#
##.####.# .....#
# #.# .....# #.#
.....# #.#


You could see an orc warrior (extremely poisoned), an orc priest (poisoned) and
an orc.

Vanquished Creatures
  Sigmund (D:3)
  Ijyb (D:3)
  Robin (D:3)
  4 gnolls (D:2)
  2 adders (D:2)
  A white imp (D:3)
  A worm (D:3)
  A dart slug (D:1)
  An orc (D:4)
  4 bats
  5 endoplasms
  2 giant cockroaches
  6 hobgoblins
  5 kobolds
  2 quokkas
  7 ball pythons
  6 frilled lizards
  19 goblins
  4 rats
73 creatures vanquished.

Notes
Turn   | Place    | Note
-------+----------+-------------------------------------------
     0 | D:1      | IdlyInterested the Demonspawn Wanderer began the quest for
                  | the Orb.
     0 | D:1      | IdlyInterested set off with the following items: a +2
                  | quarterstaff, a +0 helmet, a potion of brilliance, a +0
                  | robe; and the following spell memorised: Sting; and the
                  | following spells available to memorise: Spider Form.
     0 | D:1      | Reached XP level 1. HP: 16/16 MP: 2/2
   112 | D:1      | Reached skill level 3 in Staves
   118 | D:1      | Gained mutation: You regenerate a little health from kills.
                  | [demonic ancestry]
   118 | D:1      | Reached XP level 2. HP: 22/22 MP: 1/3
   590 | D:1      | Found a faded altar of an unknown god.
   668 | D:1      | Gained mutation: Your touch may inflict minor irresistible
                  | damage on your foes. [demonic ancestry]
   668 | D:1      | Reached XP level 3. HP: 27/27 MP: 3/5
   729 | D:1      | Reached skill level 1 in Armour
  1682 | D:2      | Gained mutation: Your movements are slightly less
                  | encumbered by armour. (ER -2) [demonic ancestry]
  1682 | D:2      | Reached XP level 4. HP: 33/33 MP: 3/7
  1694 | D:2      | Reached skill level 1 in Throwing
  1788 | D:2      | Reached skill level 4 in Staves
  2129 | D:3      | Gained mutation: You are somewhat resistant to further
                  | mutation. [potion of mutation]
  2129 | D:3      | Gained mutation: Your mind is acute. (Int +4, Str/Dex -1)
                  | [potion of mutation]
  2215 | D:3      | Noticed Robin
  2260 | D:3      | Killed Robin
  2261 | D:3      | Reached skill level 1 in Dodging
  2261 | D:3      | Reached XP level 5. HP: 28/38 MP: 8/8
  2364 | D:3      | Noticed Ijyb
  2379 | D:3      | Killed Ijyb
  2495 | D:3      | Noticed Sigmund
  2515 | D:3      | Killed Sigmund
  2516 | D:3      | Reached skill level 5 in Staves
  2516 | D:3      | Reached XP level 6. HP: 26/46 MP: 1/9
  3056 | D:4      | Noticed an orc warrior
  3075 | D:4      | HP: 2/46 [orc/+0 mace (3)]
  3076 | D:4      | Slain by an orc warrior

Illustrated notes

Levels and vault maps discovered:
D:1:      tarquinn_simple_flora_water_a, layout_loops_ring,
          basic_ecumenical_altar
D:2:      layout_rooms
D:3:      layout_loops_ring, uniq_robin, uniq_sigmund, uniq_ijyb
D:4:      layout_basic, jmf_multi_god_temple2, mainiacjoe_overflow_alcove_1,
          minmay_temple_entry_hall

Skill      XL: |  1  2  3  4  5 |
---------------+----------------+-----
Staves         | 3 4 5 |  5.4
Armour         | 1 |  1.0
Spellcasting   | 2 |  2.0
Throwing       | 1 |  1.0
Dodging        | 1 |  1.0
Transmutations | 2 |  2.0
Fighting       | |  2.9
Stealth        | |  1.0
Evocations     | |  1.0

Action                   |  1- 3 |  4- 6 || total
-------------------------+-------+-------++-------
Melee: Quarterstaff      |    68 |    85 ||   153
 Cast: Sting             |    31 |    25 ||    56
  Use: Scroll            |       |     6 ||     6
       Potion            |       |     2 ||     2
 Stab: Sleeping          |     1 |     3 ||     4
Armor: Robe              |    16 |       ||    16
       Leather armour    |       |    35 ||    35
Dodge: Dodged            |    32 |    53 ||    85

Table legend: (Time is in decaauts)
 A = Elapsed time spent in this place.
 B = Non-inter-level travel time spent in this place.
 C = Inter-level travel time spent in this place.
 D = Time resting spent in this place.
 E = Time spent auto-exploring this place.
 F = Levels seen in this place.
 G = Mean time per level.
                   A        B        C        D        E       F      G
               +--------+--------+--------+--------+--------+-----+--------+
         Total |   3093 |   2829 |    264 |    640 |   1435 |   4 |  773.2 |
       Dungeon |   3093 |   2829 |    264 |    640 |   1435 |   4 |  773.2 |
               +--------+--------+--------+--------+--------+-----+--------+

Top non-repeatable levels by time:
     D:1: 1113 daAuts
     D:2: 994 daAuts
     D:3: 928 daAuts
     D:4: 56 daAuts
